 Dungeon Crawl Stone Soup version 0.23-a0-49-gd9f7a49 (webtiles) character file.

34633 Amnesiac the Fighter (level 13, -5/111 HPs)
             Began as a Mummy Summoner on Aug 6, 2018.
             Was the Champion of Ru.
             Slain by a wolf spider (7 damage)
             ... on level 5 of the Lair of Beasts.
             The game lasted 01:04:34 (27199 turns).

Amnesiac the Fighter (Mummy Summoner)              Turns: 27199, Time: 01:04:34

Health: -5/111     AC:  7    Str: 12    XL:     13   Next: 43%
Magic:  4/26       EV: 11    Int: 16    God:    Ru [******]
Gold:   386        SH:  0    Dex: 15    Spells: 16/36 levels left

rFire    x . .     SeeInvis .   a - +1 halberd
rCold    + . .     Gourm    .   (shield currently unavailable)
rNeg     + + +     Faith    .   s - +0 troll leather armour
rPois    ∞         Spirit   .   e - +1 helmet
rElec    .         Reflect  .   h - +0 cloak
rCorr    .         Harm     .   l - -4 pair of gloves of Knowledge {Slay+5 Stlth+}
MR       +....                  t - +2 pair of boots of the Assassin {Detection Stab+ Stlth++}
Stlth    ..........             (no amulet)
HPRegen  0.68/turn              (no ring)
MPRegen  0.20/turn              (no ring)

@: no scrolls, drained
A: no food or potions, fire vulnerability, cold resistance 1, low mp 1, negative
energy resistance 3, torment resistance, unbreathing, inability to read while
threatened, no stealth, inability to use devices, inability to train armour, in
touch with death 1
a: Draw Out Power, Power Leap, Apocalypse, Renounce Religion


You were on level 5 of the Lair of Beasts.
You worshipped Ru.
Ru was exalted by your worship.
You were not hungry.

You visited 4 branches of the dungeon, and saw 19 of its levels.

You collected 2355 gold pieces.
You spent 1969 gold pieces at shops.

Inventory:

Hand Weapons
 a - a +1 halberd (weapon)
Armour
 e - a +1 helmet (worn)
 g - the +0 robe of the Salamander {rF+ Int+7 Dex+2}
   (You found it on level 7 of the Dungeon)

   It affects your intelligence (+7).
   It affects your dexterity (+2).
   It protects you from fire.
 h - a +0 cloak (worn)
 i - the +0 leather armour "Iffa" {Stlth+}
   (You bought it in a shop on level 1 of the Orcish Mines)

   It makes you more stealthy.
 l - the -4 pair of gloves of Knowledge (worn) {Slay+5 Stlth+}
   (You bought it in a shop on level 1 of the Orcish Mines)

   It affects your accuracy and damage with ranged weapons and melee attacks
   (+5).
   It makes you more stealthy.
 s - a +0 troll leather armour (worn)
 t - the +2 pair of boots of the Assassin (worn) {Detection Stab+ Stlth++}
   (You found it on level 1 of the Lair of Beasts)

   It makes you much more stealthy.
Magical Staves
 b - an uncursed staff of wizardry
Scrolls
 c - 5 scrolls of enchant armour {!r}
 d - 3 scrolls of identify {!r}
 f - a scroll of fog {!r}
 j - 9 scrolls of teleportation {!r}
 m - a scroll of brand weapon {!r}
 n - 3 scrolls of blinking {!r}
 o - 3 scrolls of magic mapping {!r}
 p - a scroll of silence {!r}
 q - 2 scrolls of noise {!r}
 u - 2 scrolls of fear {!r}
 w - 4 scrolls of enchant weapon {!r}


   Skills:
 - Level 13.1(12.0) Fighting
 + Level 10.3(9.3) Polearms
 - Level 1.5(0.7) Dodging
 - Level 12.2(11.1) Spellcasting
 - Level 12.2(11.1) Summonings


You had 16 spell levels left.
You knew the following spells:

 Your Spells              Type           Power        Failure   Level  Hunger
a - Shadow Creatures      Summ           N/A          16%         6    N/A
b - Summon Small Mammal   Summ           ####         1%          1    N/A
c - Call Imp              Summ           #####...     1%          2    N/A
d - Summon Lightning Spi  Summ/Air       ####....     11%         4    N/A
e - Call Canine Familiar  Summ           #####...     1%          3    N/A
f - Summon Ice Beast      Ice/Summ       ####....     11%         4    N/A

Your spell library contained the following spells:

 Spells                   Type           Power        Failure   Level  Hunger
 Cause Fear               Hex            #.........   71%         4    N/A
 Apportation              Tloc           #.....       11%         1    N/A
 Confuse                  Hex            #.......     30%         3    N/A
 Animate Skeleton         Necr           N/A          11%         1    N/A
 Summon Demon             Summ           #####.....   3%          5    N/A
 Recall                   Summ/Tloc      N/A          3%          3    N/A
 Spider Form              Tmut/Pois      #.........   30%         3    N/A
 Blade Hands              Tmut           #.........   96%         5    N/A
 Ice Form                 Ice/Tmut       #.......     71%         4    N/A
 Deflect Missiles         Chrm/Air       #.........   100%        6    N/A
 Confusing Touch          Hex            #.....       11%         1    N/A
 Sticks to Snakes         Tmut           #.......     16%         2    N/A
 Metabolic Englaciation   Hex/Ice        #.........   96%         5    N/A
 Silence                  Hex/Air        #.........   96%         5    N/A
 Petrify                  Tmut/Erth      #.......     71%         4    N/A
 Aura of Abjuration       Summ           #####.....   3%          5    N/A
 Beastly Appendage        Tmut           #.....       11%         1    N/A
 Discord                  Hex            #.........   100%        8    N/A
 Summon Forest            Summ/Tloc      ####......   28%         5    N/A
 Summon Guardian Golem    Hex/Summ       ####....     3%          3    N/A
 Summon Mana Viper        Hex/Summ       ####....     28%         5    N/A
 Gell's Gravitas          Tloc           #.........   30%         3    N/A
 Yara's Violent Unravell  Hex/Tmut       #.........   96%         5    N/A

Dungeon Overview and Level Annotations

Branches:
Dungeon (10/15)            Temple (1/1) D:5            Lair (6/6) D:10
  Swamp (0/4) Lair:3       Spider (0/4) Lair:4          Orc (2/2) D:9
    Elf (0/3) Orc:2
  Slime: Lair:5-6

Altars:
Ashenzari
Cheibriados
Dithmenos
Elyvilon
Fedhas
Gozag
Hepliaklqana
Kikubaaqudgha
Makhleb
Nemelex Xobeh
Okawaru
Qazlal
Ru
Sif Muna
Trog
Uskayaw
Vehumet
Wu Jian
Xom
Yredelemnul
Zin
The Shining One
Beogh

Shops:
D:7 (   D:8 *   D:9 ?[=:   Orc:1 [[[   Orc:2 [%%::

Annotations:
D:6 1 runed door


Innate Abilities, Weirdness & Mutations

You do not eat or drink.
Your flesh is vulnerable to fire.
You are immune to poison.
Your flesh is cold resistant. (rC+)
Your magical capacity is low. (-10% MP)
You are immune to negative energy. (rN+++)
You are immune to unholy pain and torment.
You can survive without breathing.
You cannot read scrolls while threatened.
You cannot be stealthy.
You cannot study or use magical devices.
You cannot train Armour skill.
You are in touch with the powers of death.


Message History

Okay, then.
A wyvern comes into view.
The wyvern moves out of view.
The wyvern hisses angrily.
The wolf spider closely misses you. The wolf spider bites you!
You focus your will and blind the wolf spider in retribution!
The wyvern bites you!
You feel threatened and lose the ability to read scrolls!
The wolf spider hits you but does no damage.
The wolf spider bites you but does no damage.
You can read scrolls again.
Aiming: Power Leap
Press: ? - help, Dir - move target cursor, p - hornet You kill the hornet!
You hear a bellow! x2; You hear an angry hiss.
The wolf spider barely misses you. The wolf spider bites you.
The wyvern hisses menacingly.
The wyvern bites you. The wolf spider hits you!!
You feel threatened and lose the ability to read scrolls!
* * * LOW HITPOINT WARNING * * *
The wolf spider misses you.
Evoke which item? (* to show all) (? for menu, Esc to quit)
Okay, then.
Wield which item (- for none, * to show all)? (? for menu, Esc to quit)
Okay, then.
The wolf spider misses you.
The wolf spider bites you but does no damage.
The wolf spider misses you. The wolf spider bites you.
* * * LOW HITPOINT WARNING * * *
There is a stone staircase leading up here.
The wolf spider hits you!
* * * LOW HITPOINT WARNING * * *
The wolf spider bites you.
* * * LOW HITPOINT WARNING * * *
The wolf spider hits you!
* * * LOW HITPOINT WARNING * * *
The wolf spider bites you.
* * * LOW HITPOINT WARNING * * *
You climb upwards.
There is a stone staircase leading down here.
Evoke which item? (* to show all) (? for menu, Esc to quit)
Okay, then.
Okay, then.
Okay, then.
The wolf spider hits you!
* * * LOW HITPOINT WARNING * * *
The wolf spider bites you.
* * * LOW HITPOINT WARNING * * *
You focus your will and illuminate the wolf spider in retribution!
The wolf spider hits you!
* * * LOW HITPOINT WARNING * * *
The wolf spider bites you but does no damage.
The wolf spider barely misses you.
The wolf spider bites you but does no damage.
There is an escape hatch in the ceiling here.
Okay, then.
The wolf spider stops glowing.
The wolf spider is stunned by your will and fails to attack.
The wolf spider hits you!
* * * LOW HITPOINT WARNING * * *
The wolf spider closely misses you.
You feel less exhausted. The wolf spider completely misses you.
The wolf spider bites you!
You die...

.......#......# #...#........#...
.......##.....###....#........#..
.......#P......##................
....................#........P...
.......#......#P.............##..
#...#..#..P.###......#...#..#....
##..........#.P.......P..#.####..
..............%..................
.[.............s@................
##.........<........###.#..##....
##..................#####..#.#...
##P.......#..#.(.##....##.###....
###.>....PPP.P...#..#......###...
.##........P................##...
.#.......#............P.....#....
###.......#......PP..##..........
##........##.#...#....####P.#....


You could see a wolf spider.

Vanquished Creatures
  A hydra (Lair:3)
  A death yak (Lair:4)
  Pikel (D:8)
  An orc knight (Orc:2)
  A wolf spider (Lair:6)
  3 black mambas
  5 spiny frogs
  2 komodo dragons
  2 trolls (Orc:1)
  Grinder (D:6)
  2 hornets (Lair:6)
  A hippogriff (Lair:2)
  18 yaks
  2 wyverns
  2 basilisks
  2 vampire mosquitoes (Lair:3)
  7 wargs
  8 water moccasins
  3 porcupines
  2 black bears
  13 orc warriors
  A sky beast (D:7)
  5 ice beasts
  5 ogres
  3 phantoms
  A slave (D:8)
  A necrophage (D:9)
  23 wolves
  2 centaurs
  2 crocodiles
  6 bullfrogs
  2 scorpions
  4 wights (D:10)
  3 electric eels
  2 crimson imps (D:7)
  A bullfrog zombie (D:7)
  3 orc priests
  4 hounds
  2 jellies
  6 worker ants
  An iguana (D:6)
  Natasha (D:5)
  3 orc wizards
  7 adders
  2 shadow imps
  An ooze (D:1)
  2 adder skeletons
  A worm (D:2)
  4 dart slugs
  3 leopard geckos
  48 orcs
  2 bats
  4 giant cockroaches
  8 goblins
  5 jackals
  4 kobolds
  4 quokkas
  A ball python (D:1)
  4 frilled lizards
  A leopard gecko skeleton (D:5)
  A quokka skeleton (D:9)
  5 rats
  2 fungi
  5 plants
273 creatures vanquished.

Vanquished Creatures (collateral kills)
  2 orc warlords
  A hydra (Lair:4)
  5 death yaks (Lair:4)
  A two-headed ogre (D:9)
  An ogre mage (Orc:2)
  The ghost of biddum the Blocker, a novice MiFi (D:6)
  6 orc knights (Orc:2)
  4 orc sorcerers
  A cyclops (Orc:1)
  A centaur zombie (D:10)
  A black mamba (Lair:2)
  6 spiny frogs
  A rime drake (Lair:2)
  A komodo dragon (Lair:2)
  5 trolls
  A polar bear (Lair:2)
  Prince Ribbit (D:8)
  4 blink frogs (Lair:1)
  A hippogriff (Lair:4)
  2 wraiths
  2 wyverns (Lair:6)
  Sigmund (D:4)
  A spriggan (D:9)
  27 yaks
  Menkaure (D:4)
  3 vampire mosquitoes (Lair:3)
  5 wargs (Orc:2)
  3 water moccasins
  4 porcupines
  33 orc warriors
  3 sky beasts
  2 slaves (D:8)
  An eye of draining (D:10)
  7 ogres
  A necrophage (D:9)
  11 wolves
  2 centaurs
  3 crocodiles
  Blork the orc (D:5)
  7 bullfrogs
  5 killer bees (D:9)
  A wight (D:10)
  2 crimson imps (D:10)
  5 hounds
  2 jellies
  12 orc priests
  A centaur skeleton (D:10)
  2 iguanas
  15 orc wizards
  3 worker ants
  A hound zombie (D:9)
  7 gnolls
  6 adders
  An adder skeleton (D:8)
  A worm (D:3)
  44 orcs
  2 goblins
  3 jackals (D:2)
  3 rats
  A fungus (Lair:5)
281 creatures vanquished.

Vanquished Creatures (others)
  An orc knight (Orc:2)
  A water moccasin (Lair:4)
  A slave (D:8)
  A wolf (Lair:2)
  2 orcs (Orc:2)
  26 fungi
  19 plants
51 creatures vanquished.

Grand Total: 605 creatures vanquished

Notes
Turn   | Place    | Note
-------+----------+-------------------------------------------
     0 | D:1      | Amnesiac the Mummy Summoner began the quest for the Orb.
     0 | D:1      | Reached XP level 1. HP: 13/13 MP: 4/4
   479 | D:3      | Noticed an orc wizard
   485 | D:2      | Reached XP level 2. HP: 7/19 MP: 0/6
   639 | D:2      | Learned a level 2 spell: Call Imp
   995 | D:4      | Noticed Natasha
   995 | D:4      | Noticed Sigmund
  1220 | D:3      | Reached XP level 3. HP: 20/24 MP: 1/8
  1554 | D:3      | Learned a level 3 spell: Call Canine Familiar
  1591 | D:3      | Reached XP level 4. HP: 28/30 MP: 10/10
  1810 | D:4      | Killed Sigmund
  1810 | D:4      | Reached XP level 5. HP: 35/35 MP: 5/11
  2019 | D:4      | Noticed a phantom
  2041 | D:4      | Killed a phantom
  2041 | D:4      | Reached skill level 5 in Spellcasting
  2041 | D:4      | Reached skill level 5 in Summonings
  2073 | D:4      | Learned a level 4 spell: Summon Ice Beast
  2078 | D:4      | Learned a level 4 spell: Summon Lightning Spire
  2137 | D:5      | Entered Level 5 of the Dungeon
  2216 | D:5      | Noticed a centaur
  2224 | D:5      | Reached XP level 6. HP: 34/41 MP: 5/13
  2584 | D:4      | Noticed Menkaure
  2597 | D:4      | Killed Menkaure
  2788 | D:4      | Reached skill level 1 in Polearms
  2788 | D:4      | Reached XP level 7. HP: 12/46 MP: 15/15
  3830 | D:5      | Found a shadowy altar of Dithmenos.
  3981 | D:5      | Killed Natasha
  4092 | D:5      | Noticed Blork the orc
  4100 | D:5      | Killed Blork the orc
  4138 | D:5      | Found a staircase to the Ecumenical Temple.
  4147 | Temple   | Entered the Ecumenical Temple
  4258 | Temple   | Became a worshipper of Ru the Awakened
  5169 | D:2      | Gained mutation: You cannot train Armour skill. [Ru sacrifice]
  5169 | D:2      | Reached * piety under Ru
  5528 | D:3      | Found a burning altar of Makhleb.
  6378 | D:6      | Noticed Grinder
  6388 | D:6      | Paralysed by Grinder for 4 turns
  6395 | D:6      | Killed Grinder
  6395 | D:6      | Reached XP level 8. HP: 30/52 MP: 12/18
  7411 | D:6      | Found a runed door.
  7414 | D:6      | Noticed biddum's ghost (novice MiFi)
  7507 | D:6      | Found a runed door.
  7620 | D:6      | Killed biddum's ghost
  7620 | D:6      | Reached XP level 9. HP: 26/57 MP: 1/21
  7858 | D:7      | Got a fine robe
  7869 | D:7      | Identified the cursed +0 robe of the Salamander {rF+ Int+7 Dex+2} (You found it on level 7 of the Dungeon)
  7922 | D:7      | Gained mutation: You cannot study or use magical devices. [Ru sacrifice]
  7922 | D:7      | Reached ** piety under Ru
  7922 | D:7      | Reached *** piety under Ru
  7922 | D:7      | Reached **** piety under Ru
  8554 | D:7      | Found Buni's Antique Weapon Shoppe.
  8840 | D:8      | Found Panajuz's General Store.
  8913 | D:8      | Noticed Pikel
  8927 | D:8      | Noticed Prince Ribbit
  8936 | D:8      | Killed Pikel
  8952 | D:8      | Killed Prince Ribbit
  9231 | D:8      | Bought a scroll of blinking for 82 gold pieces
  9740 | D:8      | Found a hide-covered altar of Uskayaw.
  9740 | D:8      | Found a bloodstained altar of Trog.
  9764 | D:8      | Reached skill level 5 in Polearms
 10117 | D:8      | Found a shattered altar of Ashenzari.
 10126 | D:8      | Found a radiant altar of Vehumet.
 10843 | D:9      | Found Joufiseb's Book Shoppe.
 10893 | D:9      | Reached XP level 10. HP: 60/63 MP: 15/23
 11023 | D:9      | Gained mutation: You cannot be stealthy. [Ru sacrifice]
 11117 | D:9      | Found Lifoed's Magic Scroll Boutique.
 11145 | D:9      | Found Ripsiore's Antique Armour Shoppe.
 11245 | D:9      | Noticed a two-headed ogre
 11289 | D:9      | Killed a two-headed ogre
 11334 | D:9      | Found a staircase to the Orcish Mines.
 11876 | D:9      | Reached skill level 10 in Summonings
 11886 | D:9      | Reached skill level 10 in Spellcasting
 11934 | D:9      | Found Yleuzyc's Jewellery Shop.
 12438 | Orc:1    | Entered Level 1 of the Orcish Mines
 12531 | Orc:1    | Noticed an orc sorcerer
 12569 | Orc:1    | Paralysed by an orc sorcerer for 4 turns
 12576 | Orc:1    | Killed an orc sorcerer
 12817 | Orc:1    | Noticed an orc sorcerer
 12836 | Orc:1    | Noticed an orange demon
 12863 | Orc:1    | Killed an orc sorcerer
 13115 | Orc:1    | Found Cicor's Armour Shop.
 13135 | Orc:1    | Noticed a cyclops
 13352 | D:10     | Entered Level 10 of the Dungeon
 14187 | D:10     | Reached XP level 11. HP: 66/68 MP: 25/25
 14253 | D:10     | Found a staircase to the Lair.
 14683 | Orc:1    | Noticed an orc sorcerer
 14696 | Orc:1    | Killed an orc sorcerer
 14866 | Orc:1    | Found Zeas's Antique Armour Boutique.
 14934 | Orc:1    | Gained mutation: Your magical capacity is low. (-10% MP) [Ru sacrifice]
 14934 | Orc:1    | Reached ***** piety under Ru
 15035 | Orc:1    | Found Ymuarome's Antique Armour Boutique.
 15248 | Orc:1    | Noticed an orc warlord
 15304 | Orc:1    | Found a roughly hewn altar of Beogh.
 15397 | Orc:1    | Killed an orc warlord
 16054 | Orc:2    | Entered Level 2 of the Orcish Mines
 16055 | Orc:2    | Found a staircase to the Elven Halls.
 16408 | Orc:2    | Noticed an orc knight
 16420 | Orc:2    | Killed an orc knight
 16624 | Orc:2    | Noticed an orc knight
 16639 | Orc:2    | Killed an orc knight
 16709 | Orc:2    | Noticed an orc knight
 17083 | Orc:2    | Killed an orc knight
 17298 | Orc:2    | Noticed an orc knight
 17307 | Orc:2    | Killed an orc knight
 17456 | Orc:2    | Noticed an ogre mage
 17598 | Orc:2    | Killed an ogre mage
 17821 | Orc:2    | Noticed an orc knight
 17840 | Orc:2    | Killed an orc knight
 18034 | Orc:2    | Found Lusojyam's Book Shoppe.
 18034 | Orc:2    | Found Aheoqose's Book Shop.
 18035 | Orc:2    | Noticed an orc knight
 18276 | Orc:2    | Noticed an orc knight
 18315 | Orc:2    | Killed an orc knight
 18802 | Orc:2    | Noticed an orc knight
 19025 | Orc:2    | Killed an orc knight
 19353 | Orc:2    | Found a roughly hewn altar of Beogh.
 19659 | Orc:2    | Found Oblouklegi's Food Shoppe.
 19659 | Orc:2    | Found Leumem's Food Shop.
 19670 | Orc:2    | Noticed an orc warlord
 19732 | Orc:2    | Killed an orc warlord
 19732 | Orc:2    | Reached XP level 12. HP: 64/74 MP: 7/25
 19913 | Orc:2    | Found Jinwyuckoi's Antique Armour Boutique.
 20147 | Orc:1    | Bought a pair of steaming gloves for 256 gold pieces
 20157 | Orc:1    | Identified the -4 pair of gloves of Knowledge {Slay+5 Stlth+} (You bought it in a shop on level 1 of the Orcish Mines)
 20273 | Orc:1    | Bought a shimmering leather armour for 196 gold pieces
 20283 | Orc:1    | Identified the cursed +0 leather armour "Iffa" {Stlth+} (You bought it in a shop on level 1 of the Orcish Mines)
 20315 | Orc:2    | Bought a manual of Fighting for 1435 gold pieces
 20424 | Lair:1   | Entered Level 1 of the Lair of Beasts
 20732 | Lair:1   | Reached skill level 1 in Fighting
 20741 | Lair:1   | Reached skill level 2 in Fighting
 20845 | Lair:1   | Reached skill level 3 in Fighting
 20888 | Lair:1   | Reached skill level 4 in Fighting
 21245 | Lair:1   | Learned a level 6 spell: Shadow Creatures
 21304 | Lair:1   | Gained mutation: You cannot read scrolls while threatened. [Ru sacrifice]
 21304 | Lair:1   | Reached ****** piety under Ru
 21321 | Lair:1   | Reached skill level 5 in Fighting
 21401 | Lair:1   | Found the +2 pair of boots of the Assassin {Detection Stab+ Stlth++}
 21938 | Lair:2   | Reached skill level 6 in Fighting
 22209 | Lair:2   | Reached skill level 7 in Fighting
 22490 | Lair:2   | Reached skill level 8 in Fighting
 22875 | Lair:2   | Reached skill level 9 in Fighting
 23218 | Lair:2   | Reached skill level 10 in Fighting
 23948 | Lair:3   | Noticed an eight-headed hydra
 23951 | Lair:3   | Killed a nine-headed hydra
 23951 | Lair:3   | Reached skill level 11 in Fighting
 24216 | Lair:3   | Reached skill level 12 in Fighting
 24276 | Lair:3   | Found a staircase to the Swamp.
 24969 | Lair:4   | Found a hole to the Spider Nest.
 25025 | Lair:4   | Reached skill level 13 in Fighting
 25128 | Lair:4   | Noticed a death yak
 25129 | Lair:4   | Noticed a death yak
 25136 | Lair:4   | Noticed a death yak
 25159 | Lair:4   | Noticed a death yak
 25163 | Lair:4   | Noticed a death yak
 25165 | Lair:4   | Killed a death yak
 25167 | Lair:4   | Noticed a death yak
 25185 | Lair:4   | Killed a death yak
 25185 | Lair:4   | Gained mutation: You are in touch with the powers of death. [Mummy growth]
 25185 | Lair:4   | Reached XP level 13. HP: 59/111 MP: 23/26
 27063 | Lair:6   | Entered Level 6 of the Lair of Beasts
 27110 | Lair:6   | Reached skill level 10 in Polearms
 27197 | Lair:5   | HP: 1/111 [wolf spider (10)]
 27199 | Lair:5   | Slain by a wolf spider

Vault maps used:
D:1:      lemuel_arrival_broad_hall, minmay_hexomino_p4
D:2:      first_ration
D:3:      st_stairs_14, makhleb_heckhound_becter
D:4:      uniq_menkaure, uniq_natasha, uniq_sigmund
D:5:      temple_hall, grunt_dithmenos_shadows, uniq_blork_the_orc
D:6:      ebering_ghost_sewer_f, uniq_grinder
D:7:      serial_shops, shop
D:8:      grunt_temple_overflow_open, serial_shops, shop, uniq_prince_ribbit1,
          uniq_pikel
D:9:      orc_0_dummy, serial_shops, shop, shop, kennysheep_little_box, shop,
          serial_glass, glass_columns_a, glass_columns_a, grunt_pizzeria
D:10:     kennysheep_blocky_hall
Temple:   compressed_dpeg_circular_temple
Lair:1:   serial_bayou_crossing
Lair:2:   grunt_forest_large_clearings, infiniplex_staircase_pool_2,
          lemuel_fruit_tree, grunt_megastairs_5
Lair:3:   minmay_swamp_entry_swarm
Lair:4:   spider_nest_entry_web_field
Lair:5:   hibernation_bobbens
Lair:6:   hangedman_lair_tendril_chambers, dpeg_slime_entry_enclosed_altar,
          nicolae_quartered_pool_medium
Orc:1:    minmay_goldmine, serial_shops, shop, shop,
          nicolae_shop_window_shopping, nicolae_orc_flooded_monolith,
          minmay_orc_temple_a
Orc:2:    st_orc_town, serial_shops,
          nicolae_shop_temple_entry_statues_fountains, mines4_lemuel

Skill      XL: |  1  2  3  4  5  6  7  8  9 10 11 12 13 |
---------------+----------------------------------------+-----
Spellcasting   | 3 4 5 6 8 9 10 12 | 12.2
Summonings     | 4 5 6 8 9 10 12 | 12.2
Polearms       | 1 2 3 5 6 7 8 10 | 10.3
Stealth        | 0 |  0.0
Fighting       | 13 | 13.1
Dodging        | |  1.5

Action                   |  1- 3 |  4- 6 |  7- 9 | 10-12 | 13-15 || total
-------------------------+-------+-------+-------+-------+-------++-------
Melee: Unarmed           |    32 |       |       |       |       ||    32
       Whip              |    44 |       |       |       |       ||    44
       Halberd           |    29 |    73 |   461 |   727 |   104 ||  1394
 Cast: Summon Small Mamm |    18 |    10 |     1 |     1 |       ||    30
       Call Imp          |    10 |    13 |     3 |       |       ||    26
       Call Canine Famil |     1 |     8 |    40 |    63 |       ||   112
       Summon Lightning  |       |       |     8 |    53 |     2 ||    63
       Summon Ice Beast  |       |       |       |    69 |       ||    69
       Shadow Creatures  |       |       |       |    46 |    24 ||    70
Invok: Sacrifice Durabil |       |       |     1 |       |       ||     1
       Power Leap        |       |       |     1 |     6 |     3 ||    10
       Sacrifice Artific |       |       |     1 |       |       ||     1
       Draw Out Power    |       |       |       |    10 |       ||    10
       Sacrifice Stealth |       |       |       |     1 |       ||     1
       Sacrifice Essence |       |       |       |     1 |       ||     1
       Apocalypse        |       |       |       |     1 |     1 ||     2
       Sacrifice Words   |       |       |       |     1 |       ||     1
Evoke: Wand              |       |       |     8 |       |       ||     8
  Use: Scroll            |     3 |       |     8 |     8 |       ||    19
 Stab: Sleeping          |     2 |     2 |    14 |       |       ||    18
       Distracted        |       |       |     5 |    18 |     1 ||    24
       Invisible         |       |       |     1 |     4 |     3 ||     8
       Paralysed         |       |       |     1 |    10 |     3 ||    14
Armor: Robe              |    17 |       |    42 |    43 |       ||   102
       Leather armour    |     2 |    17 |    93 |    33 |       ||   145
       Troll leather arm |       |       |       |     5 |    28 ||    33
Dodge: Dodged            |    64 |    47 |   245 |   324 |    82 ||   762

Table legend:
 A = Spawn XP
 B = Non-spawn XP
 C = Spawn XP percentage of total XP
 D = Spawn monster count
 E = Non-spawn monster count
 F = Spawn count percentage of total count
 G = Total turns spent on level
                    A         B        C        D         E        F      G
               +---------+---------+-------+---------+---------+-------+---------
         Total |       0 |   49477 |   0.0 |       0 |     546 |   0.0 | 27199
               +---------+---------+-------+---------+---------+-------+---------
           D:1 |       0 |      42 |   0.0 |       0 |      20 |   0.0 |   738
           D:2 |       0 |      26 |   0.0 |       0 |      15 |   0.0 |   902
           D:3 |       0 |     129 |   0.0 |       0 |      19 |   0.0 |  1366
           D:4 |       0 |     577 |   0.0 |       0 |      15 |   0.0 |  1442
           D:5 |       0 |     549 |   0.0 |       0 |      19 |   0.0 |  1762
           D:6 |       0 |    1667 |   0.0 |       0 |      29 |   0.0 |  1487
           D:7 |       0 |     627 |   0.0 |       0 |      15 |   0.0 |  1063
           D:8 |       0 |    1471 |   0.0 |       0 |      30 |   0.0 |  1655
           D:9 |       0 |    2691 |   0.0 |       0 |      34 |   0.0 |  2109
          D:10 |       0 |    1858 |   0.0 |       0 |      27 |   0.0 |  1290
        Lair:1 |       0 |    2608 |   0.0 |       0 |      17 |   0.0 |  1342
        Lair:2 |       0 |    6001 |   0.0 |       0 |      50 |   0.0 |  2379
        Lair:3 |       0 |    4298 |   0.0 |       0 |      23 |   0.0 |   896
        Lair:4 |       0 |    8250 |   0.0 |       0 |      34 |   0.0 |  1261
        Lair:5 |       0 |    1092 |   0.0 |       0 |       8 |   0.0 |   773
        Lair:6 |       0 |    4072 |   0.0 |       0 |      21 |   0.0 |   124
         Orc:1 |       0 |    4790 |   0.0 |       0 |      63 |   0.0 |  3446
         Orc:2 |       0 |    8729 |   0.0 |       0 |     107 |   0.0 |  3043
               +---------+---------+-------+---------+---------+-------+---------
